AoeStats
← Eugenius

Pilgrims

509086435Analyzed
4v4 RM · 8d ago on Sep 25, 2026· 34m 33s· 8 players
Game mode
Random Map
Map size
Large (8 player)
Population
200
Speed
Normal
Resources
Standard
Victory
Conquest
Starting age
Dark Age
Ending age
Imperial Age
RankedLock teamsTeams togetherTeam positionsShared explorationLock speedFull tech treeHidden civsTurbo modeCheats
Victory
Defeat
🇷🇺 Lithuanians · Russia
1920
+7
🇨🇳 Teutons · China
1859
+9
🇨🇳 Tatars · China
1807
+11
🇻🇳 Khmer · Vietnam
1740
+13
🇨🇳 Wei · China
1810
-15
🇨🇳 Britons · China
1657
-9
🇨🇳 Turks · China
1647
-8
🇨🇳 Khitans · China
1629
-8
< blank >
8:30 Loom
10:40 Feudal Age
14:37 Castle Age
12:59 Double-Bit Axe
13:17 Fishing Lines
13:58 Fletching
15:21 Bodkin Arrow
15:39 Bow Saw
15:24 Gillnets
15:31 Town Watch
16:45 Gold Mining
20:08 Sanctity
21:01 Fervor
21:59 Horse Collar
23:18 Redemption
爱人跟人走
10:18 Feudal Age
14:05 Castle Age
12:22 Fishing Lines
12:54 Double-Bit Axe
13:48 Fletching
13:50 Gold Mining
15:26 Town Watch
15:42 Loom
15:54 Bodkin Arrow
17:46 Bow Saw
18:03 Padded Archer Armor
24:26 Wheelbarrow
32:40 Imperial Age
EmRatGa
16:10 Feudal Age
20:33 Castle Age
18:58 Double-Bit Axe
19:48 Fletching
29:34 Fishing Lines
31:07 Wheelbarrow
33:25 Loom
33:50 Gillnets
37:02 Imperial Age
35:06 Bow Saw
Eugenius
4:09 Loom
12:00 Feudal Age
14:43 Double-Bit Axe
15:30 Fishing Lines
18:58 Castle Age
18:32 Fletching
20:11 Bow Saw
20:21 Medium Warships
21:14 Gold Mining
22:46 Bow Saw
23:57 Wheelbarrow
27:10 Hand Cart
26:40 Town Watch
28:41 Gillnets
29:10 Horse Collar
36:03 Imperial Age
34:53 Scale Barding Armor
34:58 Forging
35:03 Bloodlines
34:53 Husbandry
青衫天子
11:55 Feudal Age
10:51 Loom
12:37 Town Watch
12:54 Double-Bit Axe
15:45 Castle Age
13:33 Fishing Lines
14:00 Gold Mining
15:11 Loom
16:42 Medium Warships
16:23 Gillnets
17:53 Wheelbarrow
17:40 Bow Saw
23:06 Horse Collar
24:00 Fletching
24:11 Padded Archer Armor
25:51 Bodkin Arrow
32:52 Hand Cart
洛莉
5:17 Loom
12:20 Feudal Age
16:26 Castle Age
17:41 Medium Warships
22:29 Double-Bit Axe
32:56 Horse Collar
Hotaru猪
5:05 Loom
21:22 Feudal Age
26:17 Castle Age
25:46 Double-Bit Axe
27:28 Forging
27:24 Scale Barding Armor
28:22 Bow Saw
29:50 Iron Casting
28:44 Light Cavalry
34:09 Domestication
晰灵
10:20 Loom
12:34 Feudal Age
13:42 Double-Bit Axe
16:17 Castle Age
17:27 Bow Saw
17:19 Fletching
18:33 Bodkin Arrow
24:24 Light Cavalry
29:24 Town Watch
30:19 Wheelbarrow
Connection lost

Rejoining the realm…

Still unreachable

The connection could not be restored.

Session expired

The server has moved on; the page needs a fresh start.